 Dungeon Crawl Stone Soup version 0.26-a0-812-g31a745ddcd (webtiles) character file.

Game seed: 4569765577398124732

724 Dracia the Conjurer (level 7, -2/50 HPs)
             Began as a Green Draconian Conjurer on Dec 5, 2020.
             Slain by Edmund
             ... wielding a +6 flail of venom
              (7 damage)
             ... on level 5 of the Dungeon.
             The game lasted 00:07:36 (6125 turns).

Dracia the Conjurer (Green Draconian Conjurer)      Turns: 6125, Time: 00:07:37

Health: -2/50      AC:  7    Str: 10    XL:     7   Next: 43%
Magic:  5/15       EV: 12    Int: 20    God:
Gold:   182        SH:  0    Dex:  9    Spells: 3/17 levels left

rFire    . . .     SeeInvis .   i - +3 halberd
rCold    . . .     Faith    .   (shield currently unavailable)
rNeg     . . .     Spirit   .   (armour unavailable)
rPois    +         Reflect  .   m - +1 hat
rElec    .         Harm     .   (no cloak)
rCorr    .         Rampage  .   (no gloves)
MR       .....                  (no boots)
Stlth    ++........             (no amulet)
HPRegen  0.16/turn              (no ring)
MPRegen  0.14/turn              (no ring)

@: lethally poisoned (-2 -> -7)
A: breathe noxious fumes, unfitting armour, poison resistance, cold-blooded, AC
+6
a: Breathe Noxious Fumes


You were on level 5 of the Dungeon.
You visited 1 branch of the dungeon, and saw 5 of its levels.

You collected 182 gold pieces.


Innate Abilities, Weirdness & Mutations

You can breathe blasts of noxious fumes.
Your lurid green scales are hard. (AC +6)
You cannot fit into any form of body armour.
Your system is resistant to poisons. (rPois)
You are cold-blooded and may be slowed by cold attacks.


   Skills:
 - Level 1.7 Dodging
 - Level 1.7 Stealth
 + Level 5.6 Spellcasting
 + Level 7.1 Conjurations


You had 3 spell levels left.
You knew the following spells:

 Your Spells              Type           Power        Failure   Level
d - Dazzling Flash        Conj/Hex       ###...       8%          3
f - Fulminant Prism       Conj/Hex       ###.......   26%         4
s - Searing Ray           Conj           ####..       1%          2
z - Magic Dart            Conj           ####         1%          1
X - Iskenderun's Mystic   Conj/Tloc      ###.....     26%         4

Your spell library contained the following spells:

 Spells                   Type           Power        Failure   Level


Inventory:

Hand Weapons
 b - a +0 club
 c - a +0 short sword
 e - a +0 whip
 g - a +1 dagger of protection
 i - a +3 halberd (weapon)
Armour
 m - a +1 hat (worn)
Wands
 p - a wand of enslavement (9)
 w - a wand of paralysis (16)
Scrolls
 a - a scroll of blinking {unknown}
 h - 2 scrolls of fog {unknown}
 k - a scroll of immolation {unknown}
 n - 4 scrolls of identify {@r1@r1}
 q - 3 scrolls of enchant armour {unknown}
 r - a scroll of random uselessness {unknown}
 t - a scroll of remove curse {@r2@r2}
 v - 2 scrolls of fear {unknown}
Potions
 d - a potion of degeneration
 f - a potion of haste {@q3@q3}
 j - 2 potions of might
 o - a potion of invisibility {unknown}
 s - 2 potions of lignification
 u - a potion of flight {unknown}

Dungeon Overview and Level Annotations

Branches:
Dungeon (5/15)
 Temple: D:4-7

Altars:
Nemelex Xobeh
Xom
The Shining One

Annotations:
D:3 3 runed translucent doors, MoonlitKnight's ghost, amateur HOMo
D:5 Edmund

..........##########.##.#.
..........................
...........###............
...........# #............
...........# #............
...........#######........
.######....#...).†........
. .....#...@)).......#
......#....@.........
#.....).......#
#..........#.#.
#..............
#....).......!.
#..............
#...........#.
............#


You could see Edmund.


Message History

* * * LOW HITPOINT WARNING * * *
You closely miss Edmund.
Your tail-slap misses Edmund.
Edmund is moderately wounded.
Edmund hits you with a +6 flail of venom.
* * * LOW HITPOINT WARNING * * *
Casting: Magic Dart (safe; 1% risk of failure)
Confirm with . or Enter, or press ? or * to list all spells.
The spell is quite dangerous to cast (26% risk of failure)!
Continue anyway? [Y]es or [N]o only, please.
The spell is quite dangerous to cast (26% risk of failure)!
Continue anyway?
Uppercase [Y]es or [N]o only, please.
The spell is quite dangerous to cast (26% risk of failure)!
Continue anyway?
Okay, then.
Unknown command.
It was a potion of lignification.
You turn into a tree.
Your +1 hat melds into your body.
Your roots penetrate the ground.
Edmund hits you with a +6 flail of venom.
* * * LOW HITPOINT WARNING * * *
You are poisoned.
It was a potion of haste.
You feel yourself speed up.
You feel sick.
It was a potion of cancellation.
Your magical effects are unravelling.
You feel magically purged.
You feel less wooden.
Your +1 hat unmelds from your body.
You feel yourself slow down.
* * * LOW HITPOINT WARNING * * *
You feel sick.
Edmund hits you with a +6 flail of venom!
You die...

Skill      XL: |  1  2  3  4  5  6  7 |
---------------+----------------------+-----
Spellcasting   | 3 4 5 |  5.6
Conjurations   | 5 6 7 |  7.1
Dodging        | |  1.7
Stealth        | |  1.7

Action                   |  1- 3 |  4- 6 |  7- 9 || total
-------------------------+-------+-------+-------++-------
Melee: Unarmed           |    14 |       |       ||    14
       Club              |     2 |       |       ||     2
       Tailslap          |    11 |    10 |     2 ||    23
       Whip              |   125 |       |       ||   125
       Short sword       |    11 |       |       ||    11
       Halberd           |    19 |   203 |    21 ||   243
 Cast: Magic Dart        |    15 |    15 |    18 ||    48
       Searing Ray       |     1 |     5 |       ||     6
       Iskenderun's Myst |       |       |     1 ||     1
 Abil: Breathe Noxious F |       |       |     1 ||     1
  Use: Scroll            |     5 |       |       ||     5
       Potion            |       |       |     3 ||     3
 Stab: Sleeping          |     3 |     5 |       ||     8
       Distracted        |     1 |       |       ||     1
Armor: Skin              |    70 |    78 |     6 ||   154
Dodge: Dodged            |   124 |   185 |    22 ||   331

Levels and vault maps discovered:
D:1:      dpeg_arrival_tiny_a, layout_rooms
D:2:      layout_rooms
D:3:      layout_loops_corners, tso_oasis_becter,
          nicolae_overflow_crystal_walls, gammafunk_ghost_icy, chequers_jeans,
          nemelex_lonely_heart_becter, uniq_natasha
D:4:      layout_basic, nicolae_overflow_hidden_temple, nrook_campfire
D:5:      layout_basic, bloody_trog, serial_shops, kennysheep_mini, uniq_edmund

Notes
Turn   | Place    | Note
-------+----------+-------------------------------------------
     0 | D:1      | Dracia the Draconian Conjurer began the quest for the Orb.
     0 | D:1      | Reached XP level 1. HP: 14/14 MP: 3/3
   568 | D:1      | Reached XP level 2. HP: 20/20 MP: 3/5
   600 | D:1      | Learned a level 2 spell: Searing Ray
   795 | D:1      | Reached XP level 3. HP: 18/26 MP: 7/7
  1479 | D:2      | Reached skill level 3 in Spellcasting
  1976 | D:2      | Learned a level 3 spell: Dazzling Flash
  2030 | D:2      | Reached XP level 4. HP: 25/33 MP: 8/8
  2467 | D:3      | Reached skill level 5 in Conjurations
  2647 | D:3      | Found a shimmering altar of Xom.
  2785 | D:3      | Found a runed translucent gate.
  2785 | D:3      | Found a runed translucent gate.
  2785 | D:3      | Found a runed translucent gate.
  2826 | D:3      | Reached XP level 5. HP: 27/38 MP: 10/10
  2964 | D:3      | Learned a level 4 spell: Fulminant Prism
  2988 | D:3      | Noticed Natasha
  2993 | D:3      | Killed Natasha
  3269 | D:3      | Noticed Natasha
  3279 | D:3      | Killed Natasha
  3698 | D:3      | Found a sparkling altar of Nemelex Xobeh.
  3728 | D:3      | Found a glowing golden altar of the Shining One.
  3796 | D:3      | Noticed Natasha
  3808 | D:3      | Killed Natasha
  3808 | D:3      | Reached skill level 4 in Spellcasting
  3890 | D:3      | Noticed MoonlitKnight's ghost (amateur HOMo)
  3924 | D:3      | Reached XP level 6. HP: 26/45 MP: 9/12
  4497 | D:4      | Reached skill level 6 in Conjurations
  4964 | D:4      | Found a sparkling altar of Nemelex Xobeh.
  5246 | D:4      | Identified the +3 ring mail of Zocap {rN+ SInv}
  5320 | D:4      | Reached skill level 5 in Spellcasting
  5399 | D:4      | Learned a level 4 spell: Iskenderun's Mystic Blast
  5520 | D:4      | Your scales start taking on a lurid green colour.
  5520 | D:4      | Reached XP level 7. HP: 20/50 MP: 9/14
  5520 | D:4      | Gained mutation: Your system is resistant to poisons.
                  | (rPois) [Green Draconian growth]
  5900 | D:5      | Entered Level 5 of the Dungeon
  6044 | D:5      | Reached skill level 7 in Conjurations
  6111 | D:5      | Noticed Edmund
  6125 | D:5      | HP: 5/50 [poisoned by Edmund]
  6125 | D:5      | Slain by Edmund

Vanquished Creatures
  A bullfrog (D:4)
  2 scorpions
  A hound (D:4)
  2 orc priests
  5 orc wizards
  Natasha (thrice) (D:3)
  2 worker ants
  A hound zombie (D:5)
  A worker ant zombie (D:4)
  4 gnolls (D:3)
  An adder (D:4)
  A shadow imp (D:4)
  An ooze (D:3)
  2 dart slugs (D:2)
  7 leopard geckos
  14 orcs
  A ball python (D:5)
  10 bats
  4 giant cockroaches
  14 goblins
  5 hobgoblins
  10 jackals
  6 kobolds
  4 quokkas
  12 frilled lizards
  A leopard gecko zombie (D:3)
  7 rats
122 creatures vanquished.

Table legend: (Time is in decaauts)
 A = Elapsed time spent in this place.
 B = Non-inter-level travel time spent in this place.
 C = Inter-level travel time spent in this place.
 D = Time resting spent in this place.
 E = Time spent auto-exploring this place.
 F = Levels seen in this place.
 G = Mean time per level.
                   A        B        C        D        E       F      G
               +--------+--------+--------+--------+--------+-----+--------+
         Total |   6264 |   6117 |    147 |   1824 |   3271 |   5 | 1252.8 |
       Dungeon |   6264 |   6117 |    147 |   1824 |   3271 |   5 | 1252.8 |
               +--------+--------+--------+--------+--------+-----+--------+

Top non-repeatable levels by time:
     D:3: 2142 daAuts
     D:4: 1456 daAuts
     D:1: 1379 daAuts
     D:2: 1050 daAuts
     D:5: 235 daAuts

Table legend:
 A = Non-vault XP
 B = Vault XP
 C = Vault XP percentage of total XP
 D = Non-vault monster count
 E = Vault monster count
 F = Vault count percentage of total count
                 A         B        C        D         E       F
            +---------+---------+-------+---------+---------+-------
      Total |    1000 |      35 |   3.4 |     121 |       1 |   0.8
            +---------+---------+-------+---------+---------+-------
        D:1 |      63 |       0 |   0.0 |      37 |       0 |   0.0
        D:2 |      47 |       0 |   0.0 |      23 |       0 |   0.0
        D:3 |     258 |      35 |  11.9 |      32 |       1 |   3.0
        D:4 |     351 |       0 |   0.0 |      20 |       0 |   0.0
        D:5 |     281 |       0 |   0.0 |       9 |       0 |   0.0
            +---------+---------+-------+---------+---------+-------
